AoeStats
← TM Caesar

Arena

507813122Analyzed
1v1 RM · 14d ago on Sep 19, 2026· 17m 30s· 2 players
Game mode
Random Map
Map size
Tiny (2 player)
Population
200
Speed
Normal
Resources
Standard
Victory
Conquest
Starting age
Dark Age
Ending age
Imperial Age
RankedLock teamsTeams togetherTeam positionsShared explorationLock speedFull tech treeHidden civsTurbo modeCheats
Victory
Defeat
🇦🇷 Mapuche · Argentina
1686
+11
🇧🇦 Burmese · Bosnia & Herzegovina
1580
-11
SaleMajstor
8:21 Loom
10:36 Feudal Age
14:07 Castle Age
14:03 Horse Collar
TM Caesar
10:18 Feudal Age
14:24 Castle Age
12:30 Double-Bit Axe
12:49 Horse Collar
13:52 Fletching
15:38 Bodkin Arrow
16:51 Loom
Connection lost

Rejoining the realm…

Still unreachable

The connection could not be restored.

Session expired

The server has moved on; the page needs a fresh start.